 Dungeon Crawl Stone Soup version 0.17-a0-1642-gd4b747b (webtiles) character file.

483 nubinia the Conjurer (level 6, -4/33 HPs)
             Began as a Deep Elf Conjurer on Aug 8, 2015.
             Was an Initiate of Vehumet.
             Engulfed by a cloud of flame (19 damage)
             ... on level 2 of the Dungeon.
             The game lasted 00:21:37 (5614 turns).

nubinia the Conjurer (Deep Elf Conjurer)            Turns: 5614, Time: 00:21:37

Health: -4/33      AC:  4    Str:  5    XL:     6   Next: 87%
Magic:  17/17      EV: 13    Int: 22    God:    Vehumet [......]
Gold:   118        SH:  0    Dex: 15    Spells: 3 memorised, 9 levels left

rFire  . . .     SeeInvis .     d - +0 dagger
rCold  . . .     Clarity  .     a - +0 robe
rNeg   . . .     SustAt   .     (no shield)
rPois  .         Gourm    .     m - +0 hat
rElec  .         Spirit   .     g - +0 cloak (curse)
rCorr  .         Warding  .     j - +0 pair of gloves
rMut   .         Rnd*Tele +     (no boots)
MR     .....                    (no amulet)
Stlth  ++........               o - ring of loudness (curse)
                                i - ring of teleportation (curse)

@: not resistant to hostile enchantments, unstealthy
A: no striking features
a: Renounce Religion, Evoke Teleportation


You were on level 2 of the Dungeon.
You worshipped Vehumet.
Vehumet was noncommittal.
You were not hungry.

You visited 2 branches of the dungeon, and saw 6 of its levels.

You collected 118 gold pieces.

Inventory:

Hand weapons
 d - a +0 dagger (weapon)
Armour
 a - a +0 robe (worn)
 e - a +0 helmet
 g - a cursed +0 cloak (worn)
 j - a +0 pair of gloves (worn)
 m - a +0 hat (worn)
Jewellery
 i - a cursed ring of teleportation (left hand)
 n - an uncursed ring of poison resistance {unknown}
 o - a cursed ring of loudness (right hand)
 p - an uncursed ring of wizardry {unknown}
 v - a +5 ring of intelligence {unknown}
Magical devices
 l - a wand of slowing (20)
Potions
 q - a potion of brilliance
 r - a potion of heal wounds
 u - a potion of haste
Books
 b - a book of Conjurations

   Spells                             Type                      Level
   a - Magic Dart                     Conjuration                  1
   b - Searing Ray                    Conjuration                  2
   c - Dazzling Spray                 Conjuration/Hexes            3
   d - Fulminant Prism                Conjuration/Hexes            4
   e - Iskenderun's Mystic Blast      Conjuration                  4
   f - Iskenderun's Battlesphere      Conjuration/Charms           5
Comestibles
 c - 2 bread rations
 f - a beef jerky
 h - 2 meat rations
 s - a slice of pizza


   Skills:
 + Level 0.8 Fighting
 + Level 0.4 Short Blades
 + Level 3.5 Dodging
 + Level 4.0 Stealth
 + Level 6.0 Spellcasting
 + Level 6.7 Conjurations
 + Level 1.0 Hexes


You had 9 spell levels left.
You knew the following spells:

 Your Spells              Type           Power        Failure   Level  Hunger
a - Magic Dart            Conj           ####         1%          1    None
b - Dazzling Spray        Conj/Hex       ###.....     8%          3    #......
c - Iskenderun's Mystic   Conj           #####...     8%          4    ###....


Dungeon Overview and Level Annotations

Branches:
Dungeon (5/15)             Temple (1/1) D:5

Altars:
Cheibriados
Dithmenos
Kikubaaqudgha
Makhleb
Nemelex Xobeh
Okawaru
Qazlal
Ru
Trog
Vehumet
Xom
Yredelemnul
Zin
The Shining One


Message History

There is a stone staircase leading up here.
You climb upwards.
There is a stone staircase leading down here.
There is a stone staircase leading up here.
You climb upwards.
There is a stone staircase leading down here.
You see here a club.
There is an open door here.
You see here a club.
You see here 20 stones.
Really walk into a travel-excluded area?
Really walk into that cloud of flame?
You are engulfed in roaring flames.
Ouch! That really hurt!
There is a radiant altar of Vehumet here.
You kneel at the altar of Vehumet.
Vehumet welcomes you!
You are engulfed in roaring flames.
Ouch! That really hurt!
You die...

#....# #####)# ##....#
#.# .#....#
############# #.#
.#....# #...........#
#.# .######
#...........###.# .#
#...............# ##
#...........#####
#...§§.§§.(.#
#.....@.....#
#....§.§§...# ######
#...........# #....#
##...$.......#
#....###............#
###..(.##.≈≈P..<......#
.≈.≈♣..##.P≈≈##.#'#####
≈.≈≈≈.....≈≈≈...#...#
.≈≈≈......♣♣♣.#####.#


There were no monsters in sight!

Vanquished Creatures
  A scorpion (D:4)
  2 hounds (D:4)
  A crimson imp (D:5)
  Ijyb (D:3)
  An orc priest (D:4)
  Natasha (thrice) (D:3)
  A worker ant (D:4)
  A hound skeleton (D:4)
  Robin (D:2)
  8 gnolls
  An adder (D:3)
  A shadow imp (D:4)
  2 worms (D:2)
  3 giant geckos
  5 orcs (D:4)
  6 giant cockroaches
  2 gnoll zombies (D:4)
  12 goblins
  9 hobgoblins
  4 jackals
  A ball python (D:5)
  11 bats
  6 giant newts
  A jackal skeleton (D:5)
  14 kobolds
  A quokka (D:3)
  9 rats
108 creatures vanquished.

Vanquished Creatures (others)
  An adder (D:2)
  A giant newt (D:2)
2 creatures vanquished.

Grand Total: 110 creatures vanquished

Notes
Turn   | Place    | Note
--------------------------------------------------------------
     0 | D:1      | nubinia the Deep Elf Conjurer began the quest for the Orb.
     0 | D:1      | Reached XP level 1. HP: 10/10 MP: 6/6
   269 | D:1      | Reached XP level 2. HP: 15/15 MP: 4/8
   392 | D:1      | Reached skill level 5 in Conjurations
  1091 | D:1      | Reached XP level 3. HP: 16/19 MP: 2/9
  1209 | D:2      | Found a snail-covered altar of Cheibriados.
  1213 | D:2      | Found a radiant altar of Vehumet.
  1548 | D:2      | Learned a level 3 spell: Dazzling Spray
  1549 | D:2      | Noticed Robin
  1568 | D:2      | Killed Robin
  1683 | D:2      | Reached XP level 4. HP: 24/24 MP: 4/10
  1761 | D:2      | Found a bloodstained altar of Trog.
  1829 | D:2      | Found a faded altar to an unknown god.
  1904 | D:2      | Found a stormy altar of Qazlal.
  2471 | D:3      | Found a sacrificial altar of Ru.
  2500 | D:3      | Noticed Natasha
  2517 | D:3      | Killed Natasha
  2528 | D:3      | Noticed Natasha
  2532 | D:3      | Killed Natasha
  2532 | D:3      | Reached skill level 6 in Conjurations
  2654 | D:3      | Noticed Natasha
  2654 | D:3      | Killed Natasha
  2794 | D:3      | Found a shadowy altar of Dithmenos.
  2803 | D:3      | Reached XP level 5. HP: 28/28 MP: 9/12
  2830 | D:3      | Learned a level 4 spell: Iskenderun's Mystic Blast
  2866 | D:3      | Noticed Ijyb
  2921 | D:3      | Killed Ijyb
  3755 | D:4      | Found a shimmering altar of Xom.
  3876 | D:5      | Entered Level 5 of the Dungeon
  3876 | D:5      | Noticed a centaur
  4153 | D:4      | Reached XP level 6. HP: 33/33 MP: 11/15
  4412 | D:4      | Reached skill level 5 in Spellcasting
  4618 | D:4      | Reached skill level 1 in Hexes
  5115 | D:4      | Found a basalt altar of Yredelemnul.
  5322 | D:5      | Noticed an ice beast
  5401 | D:5      | Found a staircase to the Ecumenical Temple.
  5413 | Temple   | Entered the Ecumenical Temple
  5614 | D:2      | Became a worshipper of Vehumet
  5614 | D:2      | Engulfed by a cloud of flame

Vault maps used:
D:1:      dpeg_arrival_boxorama, serial_park_tiny_1
D:2:      cheibriados_altar_wand_db, lemuel_doored_altar, fiery_altar_vehumet,
          serial_bayou, serial_bayou_pond_e, serial_bayou_lake_a,
          serial_bayou_pond_b, serial_bayou_pond_e, ecumenical_altar_2,
          serial_park_tiny_2, serial_park_tiny_1, grunt_qazlal_sundering,
          uniq_robin
D:3:      old_standard_altar, minivault_25, roderic_serpentine_path,
          nicolae_dithmenos_shadow_blocks, uniq_iyjb, uniq_natasha
D:4:      lemuel_zombie_altar_yredelemnul, minmay_misc_feat_more_columns,
          minivault_19, lemuel_tele_altar
D:5:      led_xom_imps, gammafunk_temple_overflow_wave, temple_pool_b,
          first_bread, uniq_eustachio
Temple:   circular_temple_6

Action                   |  1- 3 |  4- 6 || total
-------------------------+-------+-------++-------
Melee: Dagger            |     3 |    35 ||    38
 Cast: Magic Dart        |    93 |   171 ||   264
       Dazzling Spray    |       |     3 ||     3
  Use: Scroll            |     4 |     4 ||     8
       Potion            |       |     1 ||     1
 Stab: Sleeping          |     1 |       ||     1
       Invisible         |       |     2 ||     2
  Eat: Chunk             |     2 |    12 ||    14
